 Dungeon Crawl Stone Soup version 0.30-a0-377-g5cb311bc9f (webtiles) character file.

Game seed: 2278064189948071811

124222 Decritt the Warrior (level 17, -7/136 HPs)
             Began as a Djinni Air Elementalist on Nov 29, 2022.
             Was the Champion of Makhleb.
             Mangled by the 27-headed Lernaean hydra (12 damage)
             ... on level 4 of the Swamp.
             The game lasted 01:32:20 (31468 turns).

Decritt the Warrior (Djinni Air Elementalist)      Turns: 31468, Time: 01:32:20

Health: -7/136     AC: 12    Str:  8    XL:     17   Next: 47%
Gold:   1821       EV: 24    Int: 21    God:    Makhleb [******] SH: 12 Dex: 25

rFire   + + .      SeeInvis +    n - +6 spear of Ogguk {antimagic, rPois rC+++ rCorr Stlth-}
rCold   + + .      Faith    .    B - +0 kite shield {reflect}
rNeg    . . .      Spirit   .    u - +1 troll leather armour
rPois   ∞          Reflect  +    J - +1 helmet {SInv}
rElec   .          Harm     .    e - +0 cloak
rCorr   +          Rampage  .    h - +0 pair of gloves
Will    +....                    (boots unavailable)
Stlth   +.........               A - amulet of regeneration
HPRegen 2.02/turn                v - +4 ring of evasion
MPRegen 0.00/turn                p - +6 ring of dexterity

@: flying, very slightly contaminated
A: sickness immunity, fire resistance 2, cold vulnerability 1, float, innate
caster, HP casting, extra vitality 1, agile 1
a: Renounce Religion, Minor Destruction, Lesser Servant of Makhleb, Major
Destruction, Greater Servant of Makhleb


You were on level 4 of the Swamp.
You worshipped Makhleb.
Makhleb was exalted by your worship.
You visited 6 branches of the dungeon, and saw 27 of its levels.
You also visited: Ossuary and Bailey.

You collected 2333 gold pieces.
You spent 512 gold pieces at shops.

Inventory:

Hand Weapons
 l - the +2 quarterstaff of the Endless Expanse {elec, rPois Dex+4}
   (You found it on level 5 of the Dungeon)

   It occasionally discharges a powerful burst of electricity upon striking a
   foe.
   Dex:       It affects your dexterity (+4).
   rPois:     It protects you from poison.
 n - the +6 spear of Ogguk (weapon) {antimagic, rPois rC+++ rCorr Stlth-}
   (You found it on level 3 of the Dungeon)

   It reduces the magical energy of the wielder, and disrupts the spells and
   magical abilities of those it strikes.
   Natural abilities and divine invocations are not affected.
   rC:        It renders you almost immune to cold.
   rPois:     It protects you from poison.
   rCorr:     It protects you from acid and corrosion.
   Stlth:     It makes you less stealthy.
Armour
 e - a +0 cloak (worn)
 h - a +0 pair of gloves (worn)
 t - the +3 ring mail of Toothy Salvation {Regen+ Str-2 Stlth+}
   (You found it on level 2 of the Swamp)

   Str:       It affects your strength (-2).
   Regen:     It increases your rate of health regeneration.
   Stlth:     It makes you more stealthy.
 u - a +1 troll leather armour (worn)
 x - a +2 robe of willpower
 B - a +0 kite shield of reflection (worn)
 J - a +1 helmet of see invisible (worn)
Magical Staves
 E - a staff of conjuration
 F - a staff of air
 L - a staff of fire
 M - a staff of earth
Jewellery
 p - a +6 ring of dexterity (right hand)
 v - a +4 ring of evasion (left hand)
 A - an amulet of regeneration (around neck)
Wands
 b - a wand of digging (5)
 z - a wand of charming (5)
 H - a wand of acid (15)
Scrolls
 a - 3 scrolls of blinking
 g - a scroll of poison
 o - 5 scrolls of teleportation
 r - 3 scrolls of identify
 y - a scroll of acquirement
 C - 3 scrolls of fear
 D - 3 scrolls of magic mapping
 I - 3 scrolls of butterflies
Potions
 c - 3 potions of cancellation
 d - 4 potions of heal wounds
 f - 6 potions of haste
 i - 5 potions of mutation
 j - 10 potions of curing
 k - 7 potions of lignification
 m - 3 potions of brilliance
 q - a potion of invisibility
 s - 3 potions of ambrosia
 w - 3 potions of resistance


   Skills:
 * Level 17.2 Fighting
 - Level 10.2 Armour
 + Level 12.1 Dodging
 - Level 1.5 Stealth
 + Level 7.2 Shields
 * Level 14.7 Spellcasting


You had 5 spell levels left.
You knew the following spells:

 Your Spells              Type           Power      Damage    Failure   Level
a - Shock                 Conj/Air       100%       1d9       1%          1
b - Airstrike             Air            33%        2d(5-21)  1%          4
c - Lee's Rapid Deconstr  Erth           33%        3d17*     1%          5
d - Dispersal             Tloc           33%        N/A       4%          6
e - Swiftness             Air            67%        N/A       1%          3
f - Momentum Strike       Conj/Tloc      100%       3d10      1%          2
g - Static Discharge      Conj/Air       100%       2-7/arc   1%          2
h - Vhi's Electric Charg  Tloc/Air       100%       N/A       1%          3
i - Summon Ice Beast      Ice/Summ       67%        N/A       1%          4
j - Foxfire               Conj/Fire      100%       2x1d9     1%          1
k - Scorch                Fire           100%       2d10      1%          2
l - Storm Form            Tmut/Air       33%        N/A       26%         7
Your spell library was empty.

Dungeon Overview and Level Annotations

Branches:
Dungeon (14/15)            Temple (1/1) D:4            Lair (5/5) D:10
  Swamp (4/4) Lair:2        Snake (1/4) Lair:3        Slime (0/5) Lair:5
    Orc (2/2) D:10            Elf (0/3) Orc:2       Ossuary (visited)
 Bailey (visited)
 Vaults: D:13-14

Altars:
Elyvilon
Gozag
Makhleb
Nemelex Xobeh
Okawaru
Wu Jian
The Shining One

Shops:
D:14 *   Orc:2 (=*[

Annotations:
D:3 2 runed translucent doors, nujazz's ghost, amateur HOFE
D:8 2 transporters
D:13 Jorgrun
Swamp:4 Lernaean hydra


Innate Abilities, Weirdness & Mutations

You are immune to sickness and miasma.
You are immune to poison.
Your flesh is very heat resistant. (rF++)
You are vulnerable to cold. (rC-)
You float through the air rather than walking.
You learn spells naturally, not from books.
Your magical power is your life essence.
You have superior vitality. (+4 MHP)
You are agile. (Dex +4, Str/Int -1)


Message History

Press: ? - help, Dir - look around, f - activate The 27-headed Lernaean hydra blinks!
* * * LOW HITPOINT WARNING * * *
Casting: Dispersal (dangerous; 4% risk of failure)
Confirm with . or Enter, or press ? or * to list all spells.
Aiming: Airstrike (safe; 1% risk of failure)
Press: ? - help, Dir - move target, f - 27-headed Lernaean hydra
Aim: the 27-headed Lernaean hydra (heavily wounded, empty space bonus: 8/8)
The air twists around and strikes the 27-headed Lernaean hydra!!
The 27-headed Lernaean hydra is severely wounded.
* * * LOW HITPOINT WARNING * * *
Casting: Airstrike (safe; 1% risk of failure)
Confirm with . or Enter, or press ? or * to list all spells.
Casting: Dispersal (dangerous; 4% risk of failure)
Press: ? - help, Dir - look around, f - activate You miscast Dispersal.
You are very lightly contaminated with residual magic.
Nothing appears to happen.
* * * LOW HITPOINT WARNING * * *
The 27-headed Lernaean hydra bites you!
* * * LOW HITPOINT WARNING * * *
The 27-headed Lernaean hydra bites you.
* * * LOW HITPOINT WARNING * * *
The 27-headed Lernaean hydra bites you!
* * * LOW HITPOINT WARNING * * *
The 27-headed Lernaean hydra completely misses you. x2
The 27-headed Lernaean hydra bites you.
* * * LOW HITPOINT WARNING * * *
The 27-headed Lernaean hydra bites you.
* * * LOW HITPOINT WARNING * * *
The 27-headed Lernaean hydra bites you!
* * * LOW HITPOINT WARNING * * *
The 27-headed Lernaean hydra bites you.
* * * LOW HITPOINT WARNING * * *
You block the 27-headed Lernaean hydra's attack.
The 27-headed Lernaean hydra bites you.
* * * LOW HITPOINT WARNING * * *
The 27-headed Lernaean hydra misses you.
The 27-headed Lernaean hydra bites you!
You die...

~..8.......#.~)~†~~~~.♣
#.~.......~....~~†~~~.♣♣♣♣
.P(....~.##♣...~~~~~~~~~♣
###...#..###~♣....~~~~~~~.♣♣♣
....8..~~?~#§..♣.~~~~~§~~~~~♣
.....8†8~(.#~~~~~~~~~÷~~~~~♣♣
#.~).....~'.~~~~†~~§†<~~~.♣
#⌠..~#~..~#.~~.D.....÷..~♣♣♣♣
##...#.#....~§~@~.♣.~~.~♣.~~♣
#⌠P.......#†~~§~§..~~~~..~~.♣
.#.~~.....P'~.^~~...~~...~..♣♣
.....8§8.(.#~♣♣...♣..~~~~.♣♣♣
~#†.(......#§♣♣♣♣♣♣♣♣♣~~~~♣
#.....#†####~♣ ♣..~♣♣
.#..8.'....##♣ ♣♣♣♣♣
.#~...#.....# ~.P.8.#..)..#


You could see the 27-headed Lernaean hydra.

Vanquished Creatures
  A thorn hunter (Swamp:4)
  Donald (Swamp:2)
  Roxanne (Swamp:3)
  2 orc warlords (Orc:2)
  4 eleionomae
  Nessos (Lair:5)
  4 bunyips
  Erolcha (Orc:2)
  2 ghost crabs
  An ice dragon (Lair:2)
  16 hydras
  2 catoblepae (Lair:4)
  A merfolk avatar (Lair:5)
  9 alligators
  4 two-headed ogres
  Erica (D:8)
  A boulder beetle (Lair:4)
  A death yak (Lair:4)
  A tengu warrior (D:13)
  A shock serpent (Snake:1)
  Urug (D:13)
  3 orc high priests (Orc:2)
  A sea snake (Lair:5)
  A death drake (Swamp:4)
  4 goliath frogs
  8 swamp dragons
  13 bog bodies
  2 spriggan druids
  A lindwurm (Lair:2)
  Pikel (D:6)
  3 orc knights
  4 oklob plants
  5 ugly things
  2 deep elf pyromancers
  4 orc sorcerers
  2 will-o-the-wisps
  4 manticores
  4 cyclopes
  20 elephants
  11 cane toads
  Joseph (D:7)
  3 torpor snails
  14 black mambas
  2 gargoyles
  2 unseen horrors
  5 rime drakes
  Psyche (D:8)
  2 efreet
  13 komodo dragons
  3 kobold demonologists
  5 trolls
  2 bloated husks
  2 polar bears
  8 tyrant leeches
  11 hornets
  2 wind drakes (Lair:5)
  14 blink frogs
  12 dream sheep
  A blink frog (shapeshifter) (D:13)
  7 slime creatures
  A snapping turtle (Lair:5)
  Sigmund (D:4)
  A vampire (Bailey)
  3 shadows (D:11)
  6 spriggans
  A jumping spider (shapeshifter) (D:13)
  4 wyverns
  A hog (shapeshifter) (D:13)
  28 yaks
  4 basilisks
  2 wraiths
  A steam dragon (Lair:5)
  3 vampire mosquitoes
  Menkaure (D:4)
  2 wargs (Orc:2)
  16 swamp worms
  Duvessa (D:4)
  19 water moccasins
  3 black bears
  2 sky beasts (D:8)
  31 orc warriors
  3 ice beasts
  7 swamp drakes
  3 wolves (Lair:3)
  8 ogres
  6 centaurs
  2 lemures
  A phantom (D:5)
  16 kobold brigands (D:8)
  13 bullfrogs
  Blork the orc (D:6)
  5 scorpions
  A gnoll sergeant (D:11)
  6 necrophages
  6 water moccasin zombies (Ossuary)
  13 wights
  Dowan (D:4)
  6 killer bees (D:9)
  11 howler monkeys
  5 wolf zombies (Bailey)
  8 vampire bats (Bailey)
  4 hounds
  4 jellies
  22 orc priests
  2 gnoll boudas
  Jessica (D:3)
  Ijyb (D:3)
  4 hell rats (Lair:5)
  33 orc wizards
  6 iguanas
  2 mummies (Ossuary)
  18 gnolls
  6 adders
  2 shadow imps
  3 white imps
  An ufetubus (D:6)
  A worm zombie (D:6)
  2 adder zombies (Ossuary)
  2 worms
  2 dart slugs (D:2)
  55 orcs
  6 ball pythons
  8 endoplasms
  2 giant cockroaches
  4 hobgoblins
  22 kobolds
  5 quokkas
  3 bats
  A frilled lizard (D:1)
  3 gnoll zombies (Ossuary)
  5 goblins
  A hobgoblin zombie (Ossuary)
  2 jackal zombies (D:6)
  2 kobold zombies (Ossuary)
  27 orc zombies
  7 rats
781 creatures vanquished.

Vanquished Creatures (collateral kills)
  2 orcs (Orc:2)
2 creatures vanquished.

Vanquished Creatures (others)
  A swamp drake (Swamp:4)
  4 foxfires
  23 fungi
  76 plants
104 creatures vanquished.

Grand Total: 887 creatures vanquished

Notes
Turn   | Place    | Note
-------+----------+-------------------------------------------
     0 | D:1      | Decritt the Djinni Air Elementalist began the quest for the
                  | Orb.
     0 | D:1      | Decritt set off with the following spells memorised: Shock,
                  | Static Discharge, Swiftness, Airstrike.
     0 | D:1      | Reached XP level 1. HP: 15/15 MP: 0/0
   266 | D:1      | Reached skill level 1 in Fighting
   266 | D:1      | Reached XP level 2. HP: 19/22 MP: 0/0
   441 | D:1      | Found a faded altar of an unknown god.
   825 | D:2      | Reached XP level 3. HP: 24/27 MP: 0/0
   825 | D:2      | Learned a level 1 spell: Foxfire
  1342 | D:2      | Reached skill level 2 in Fighting
  1342 | D:2      | Reached XP level 4. HP: 22/34 MP: 0/0
  1662 | D:2      | Reached XP level 5. HP: 21/40 MP: 0/0
  1662 | D:2      | Learned a level 2 spell: Momentum Strike
  2006 | D:2      | Reached skill level 3 in Fighting
  2181 | D:3      | Noticed Jessica
  2184 | D:3      | Killed Jessica
  2185 | D:3      | Reached XP level 6. HP: 43/46 MP: 0/0
  2297 | D:3      | Identified the +2 whip of the Enchanting Seeker {venom,
                  | Dex+3}
  2316 | D:3      | Identified the +6 spear of Ogguk {antimagic, rPois rC+++
                  | rCorr Stlth-}
  2370 | D:3      | Found a runed translucent door.
  2370 | D:3      | Noticed nujazz's ghost (amateur HOFE)
  2393 | D:3      | Noticed Ijyb
  2411 | D:3      | HP: 2/46 [disintegration (14)]
  2412 | D:3      | Killed Ijyb
  2726 | D:3      | Found a runed translucent door.
  3204 | D:4      | Found a staircase to the Ecumenical Temple.
  3240 | D:3      | Reached skill level 4 in Fighting
  3471 | Temple   | Entered the Ecumenical Temple
  3507 | Temple   | Became a worshipper of Makhleb the Destroyer
  3590 | D:4      | Noticed Menkaure
  3873 | D:4      | Killed Menkaure
  3874 | D:4      | Reached XP level 7. HP: 49/53 MP: 0/0
  3874 | D:4      | Learned a level 2 spell: Scorch
  4201 | D:4      | Noticed Sigmund
  4207 | D:4      | Killed Sigmund
  4208 | D:4      | Reached skill level 5 in Fighting
  4230 | D:4      | Noticed Duvessa
  4230 | D:4      | Noticed Dowan
  4267 | D:5      | Entered Level 5 of the Dungeon
  4354 | D:5      | Reached skill level 5 in Spellcasting
  4354 | D:5      | Reached XP level 8. HP: 44/60 MP: 0/0
  4617 | D:5      | Reached skill level 6 in Fighting
  4834 | D:4      | Found a sparkling altar of Nemelex Xobeh.
  4834 | D:4      | Found an iron altar of Okawaru.
  5641 | D:5      | Identified the +2 quarterstaff of the Endless Expanse
                  | {elec, rPois Dex+4}
  6365 | D:5      | Reached skill level 7 in Fighting
  6604 | D:4      | Killed Duvessa
  6604 | D:4      | Reached * piety under Makhleb
  6605 | D:4      | Reached XP level 9. HP: 56/68 MP: 0/0
  6605 | D:4      | Learned a level 3 spell: Vhi's Electric Charge
  6608 | D:4      | Killed Dowan
  6798 | D:6      | Found a sand-covered staircase.
  6883 | Ossuary  | Entered an ossuary
  7446 | Ossuary  | Reached skill level 8 in Fighting
  8106 | D:6      | Noticed Blork the orc
  8125 | D:6      | Killed Blork the orc
  8848 | D:6      | Reached skill level 1 in Armour
  8954 | D:6      | Reached skill level 9 in Fighting
  9137 | D:6      | Noticed Pikel
  9797 | D:6      | Killed Pikel
  9798 | D:6      | Reached XP level 10. HP: 62/78 MP: 0/0
 10699 | D:7      | Reached ** piety under Makhleb
 10904 | D:7      | Noticed Joseph
 10909 | D:7      | Killed Joseph
 10910 | D:7      | Reached skill level 10 in Fighting
 11864 | D:8      | Noticed Psyche
 11868 | D:8      | Killed Psyche
 12483 | D:8      | Found a flagged portal.
 12523 | Bailey   | Entered a bailey
 12786 | Bailey   | Reached skill level 5 in Dodging
 13006 | Bailey   | Reached XP level 11. HP: 75/86 MP: 0/0
 13006 | Bailey   | Learned a level 4 spell: Summon Ice Beast
 13066 | Bailey   | Reached *** piety under Makhleb
 13428 | Bailey   | Identified the +1 leather armour of the Skies Above {rPois
                  | Slay-2 SInv}
 13698 | Bailey   | Identified the +1 chain mail "Vuntoaj" {+Blink rPois rC-
                  | Stlth+}
 13794 | D:8      | Found a transporter.
 14251 | D:8      | Found a transporter.
 14297 | D:8      | Reached skill level 11 in Fighting
 14639 | D:8      | Noticed Erica
 14652 | D:8      | Killed Erica
 15228 | D:8      | Reached **** piety under Makhleb
 15456 | D:8      | Reached skill level 5 in Armour
 15632 | D:9      | Found a white marble altar of Elyvilon.
 16043 | D:9      | Noticed a two-headed ogre
 16046 | D:9      | Killed a two-headed ogre
 16539 | D:10     | Entered Level 10 of the Dungeon
 16539 | D:10     | Found a staircase to the Orcish Mines.
 16570 | D:10     | Reached XP level 12. HP: 79/95 MP: 0/0
 16589 | D:10     | Found a staircase to the Lair.
 16770 | D:10     | Reached skill level 12 in Fighting
 17847 | D:11     | Identified the +1 leather armour of Ohekhlaku {rCorr Str+3
                  | Int-3}
 18399 | D:12     | Noticed a two-headed ogre
 18402 | D:12     | Killed a two-headed ogre
 18402 | D:12     | Reached ***** piety under Makhleb
 18403 | D:12     | Reached skill level 10 in Spellcasting
 18531 | D:12     | Reached skill level 1 in Shields
 18803 | D:12     | Reached XP level 13. HP: 69/102 MP: 0/0
 18803 | D:12     | Learned a level 5 spell: Lee's Rapid Deconstruction
 18973 | D:12     | Reached skill level 13 in Fighting
 19194 | D:13     | Noticed Urug
 19203 | D:13     | Killed Urug
 19663 | D:13     | Noticed Jorgrun
 19671 | D:13     | HP: 2/103 [constriction (16)]
 19780 | D:13     | Noticed a centaur warrior
 19789 | D:14     | Found Muqaox's General Store.
 19796 | D:14     | Bought a scroll of identify for 28 gold pieces
 19869 | D:13     | Noticed a centaur warrior
 20074 | Lair:1   | Entered Level 1 of the Lair of Beasts
 20397 | Lair:1   | Reached skill level 5 in Shields
 20939 | Lair:2   | Reached XP level 14. HP: 60/111 MP: 0/0
 21118 | Lair:2   | Found a staircase to the Swamp.
 21284 | Lair:2   | Reached skill level 14 in Fighting
 21978 | Lair:3   | Reached ****** piety under Makhleb
 22225 | Lair:3   | Found a staircase to the Snake Pit.
 23033 | Lair:4   | Reached XP level 15. HP: 98/118 MP: 0/0
 23033 | Lair:4   | Learned a level 6 spell: Dispersal
 24029 | Lair:5   | Entered Level 5 of the Lair of Beasts
 24036 | Lair:5   | Noticed Nessos
 24143 | Lair:5   | Killed Nessos
 24181 | Lair:5   | Reached skill level 10 in Dodging
 24324 | Lair:5   | Found a staircase to the Slime Pits.
 24330 | Lair:5   | Reached skill level 15 in Fighting
 24737 | Lair:5   | Found the +8 mithril axe "Arga" {speed, Will+}
 24779 | Lair:5   | Identified the +4 rapier of Contradiction {freeze, Fly rC+
                  | MP+9}
 25162 | Orc:1    | Entered Level 1 of the Orcish Mines
 25334 | Orc:2    | Entered Level 2 of the Orcish Mines
 25350 | Orc:2    | Noticed Erolcha
 25396 | Orc:2    | Killed Erolcha
 25495 | Orc:2    | Gained mutation: Your spells are a little easier to cast,
                  | but a little less powerful. [a neqoxec]
 25497 | Orc:2    | Gained mutation: You are very vulnerable to cold. (rC--) [a
                  | neqoxec]
 25510 | Orc:2    | Noticed an orc warlord
 25656 | Orc:1    | Lost mutation: You are very vulnerable to cold. (rC--)
                  | [potion of mutation]
 25656 | Orc:1    | Lost mutation: Your spells are a little easier to cast, but
                  | a little less powerful. [potion of mutation]
 25656 | Orc:1    | Gained mutation: You are agile. (Dex +4, Str/Int -1)
                  | [potion of mutation]
 25951 | Orc:2    | Noticed an orc warlord
 26213 | Orc:2    | Reached XP level 16. HP: 116/126 MP: 0/0
 26242 | Orc:2    | Found Seugrume's General Store.
 26491 | Orc:2    | Found Hexaluck's Jewellery Boutique.
 26506 | Orc:2    | Found Jaest's Antique Weapon Boutique.
 26521 | Orc:2    | Found Baudd's Antique Armour Boutique.
 26529 | Orc:2    | Bought an ancient robe for 136 gold pieces
 26529 | Orc:2    | Identified the +2 robe "Guimid" {rPois rN+} (You bought it
                  | in a shop on level 2 of the Orcish Mines)
 26529 | Orc:2    | Bought a shiny helmet for 180 gold pieces
 26529 | Orc:2    | Bought a runed hat for 168 gold pieces
 26601 | Orc:2    | Found a staircase to the Elven Halls.
 27586 | Snake:1  | Entered Level 1 of the Snake Pit
 27746 | Swamp:1  | Entered Level 1 of the Swamp
 28230 | Swamp:1  | HP: 5/128 [seven-headed hydra[a spriggan druid] (10)]
 28336 | Swamp:1  | Reached skill level 16 in Fighting
 28527 | Swamp:1  | Reached skill level 10 in Armour
 28848 | Swamp:2  | Identified the +3 ring mail of Toothy Salvation {Regen+
                  | Str-2 Stlth+}
 28990 | Swamp:2  | Noticed Donald
 28999 | Swamp:2  | Killed Donald
 29300 | Swamp:3  | Identified Roxanne's Commentary on Transfiguration
 29300 | Swamp:3  | Noticed Roxanne
 30376 | Swamp:3  | Killed Roxanne
 30377 | Swamp:3  | Reached XP level 17. HP: 73/135 MP: 0/0
 30377 | Swamp:3  | Learned a level 7 spell: Storm Form
 30412 | Swamp:3  | Identified a scroll of acquirement
 30474 | Swamp:4  | Entered Level 4 of the Swamp
 31210 | Swamp:3  | Reached skill level 17 in Fighting
 31243 | Swamp:4  | Noticed a thorn hunter
 31315 | Swamp:4  | Killed a thorn hunter
 31447 | Swamp:4  | Noticed the 27-headed Lernaean hydra
 31468 | Swamp:4  | HP: 5/136 [the 27-headed Lernaean hydra (4)]
 31468 | Swamp:4  | Mangled by the 27-headed Lernaean hydra

Illustrated notes

Levels and vault maps discovered:
D:1:      sevenhm_arrival_forest_fort_small_3, layout_loops_ring,
          shapermc_ecumenical_altar_totnotflames
D:2:      layout_basic
D:3:      layout_basic, ebering_ghost_sewer_f, uniq_jessica, uniq_ijyb
D:4:      layout_gridville, gammafunk_temple_overflow_elements,
          minmay_temple_entry_glass, chequers_big_river, uniq_sigmund,
          uniq_menkaure, uniq_duvessa
D:5:      minmay_evil_eye, layout_rooms, supply_closet_lemuel
D:6:      layout_basic, marbit_many_paths, enter_ossuary_3,
          dreamdust_princess_bridge, minmay_misc_feat_pillars,
          uniq_blork_the_orc, uniq_pikel
D:7:      layout_layer_cave, uniq_joseph
D:8:      layout_basic, special_room [special_room_kobold],
          gammafunk_ghost_abyssal_escape, enter_bailey_8, minmay_diced_spiral,
          uniq_erica, uniq_psyche
D:9:      layout_basic, elyvilon_altar_1
D:10:     layout_cross
D:11:     minmay_bloctagon_deflated, layout_basic
D:12:     layout_cave_pools, kennysheep_generic_room_7
D:13:     minmay_the_grid_net [minmay_the_grid_square_x,
          minmay_the_grid_odd_star, minmay_the_grid_expand,
          minmay_the_grid_slots, minmay_the_grid_medium_cups,
          minmay_the_grid_prize_four_corners], layout_layer_cave,
          kennysheep_opposing_triangles, uniq_jorgrun, uniq_sonja, uniq_urug,
          uniq_kirke
D:14:     gammafunk_its_a_trap, layout_basic, david_vaults_1,
          chequers_serial_rivers_small_a, serial_shops, nicolae_square_shop
Temple:   mainiacjoe_temple_bowtie_tessellation
Lair:1:   layout_concentric_octagons, grunt_megastairs_2,
          infiniplex_staircase_pool_2
Lair:2:   dragon1_lemuel, layout_regular_city, palyth_hydra_swamp_entry,
          dreamdust_wasp_nest, lemuel_fruit_tree
Lair:3:   layout_regular_city, minmay_snake_entry_six_corridors
Lair:4:   nzn_winding_woodlands_large [nzn_winding_woodlands_5x5_checkerboard,
          nzn_winding_woodlands_5x15_sawtooth,
          nzn_winding_woodlands_5x5_open_star,
          nzn_winding_woodlands_center_garden,
          nzn_winding_woodlands_15x15_boxy_spiral,
          nzn_winding_woodlands_center_diamonds,
          nzn_winding_woodlands_5x5_three, nzn_winding_woodlands_5x15_pockets,
          nzn_winding_woodlands_5x5_closed_star], layout_big_grid,
          hangedman_lair_unloving_vines
Lair:5:   gammafunk_lair_ancient_temple, layout_regular_city,
          minmay_slime_entry_oklob_open, chequers_serial_rivers_micro_a,
          chequers_serial_rivers_micro_d, uniq_nessos
Swamp:1:  layout_falls_marsh, serial_swamp_ruin, evilmike_swamp_ruin_house_1,
          evilmike_swamp_ruin_rubble_2
Swamp:2:  layout_basic_swamp, wheals_swamp_sinkhole, uniq_donald
Swamp:3:  layout_basic_swamp, nicolae_swamp_very_dense_foliage, swamp_pool1,
          uniq_roxanne
Swamp:4:  grunt_swamp_rune_castle, layout_basic_swamp
Snake:1:  layout_cave_pods, nicolae_snake_yet_another_twisty_hallway,
          grunt_megastairs_3
Orc:1:    layout_caves
Orc:2:    grunt_orc_cross, layout_caves, uniq_erolcha

Skill      XL: |  1  2  3  4  5  6  7  8  9 10 11 12 13 14 15 16 17 |
---------------+----------------------------------------------------+-----
Fighting       | 1 2 3 4 5 7 9 10 11 12 13 14 15 16 17 | 17.2
Spellcasting   | 3 4 5 6 7 8 9 10 11 12 13 14 | 14.7
Armour         | 2 3 5 6 8 9 10 | 10.2
Dodging        | 3 5 6 7 9 10 11 12 | 12.1
Shields        | 2 5 6 7 |  7.2
Stealth        | |  1.5

Action                   |  1- 3 |  4- 6 |  7- 9 | 10-12 | 13-15 | 16-18 || total
-------------------------+-------+-------+-------+-------+-------+-------++-------
Melee: Spear             |       |    33 |    34 |    24 |    17 |       ||   108
       Punch             |       |     1 |     1 |     1 |       |       ||     3
 Cast: Shock             |    74 |    64 |   110 |    53 |    17 |       ||   318
       Swiftness         |       |     1 |     6 |     2 |     1 |       ||    10
       Scorch            |       |       |    14 |       |     1 |       ||    15
       Airstrike         |       |       |   109 |   440 |   806 |   564 ||  1919
       Vhi's Electric Ch |       |       |     1 |       |       |       ||     1
       Lee's Rapid Decon |       |       |       |       |    70 |       ||    70
       Dispersal         |       |       |       |       |    35 |    37 ||    72
       Summon Ice Beast  |       |       |       |       |     1 |       ||     1
  Use: Scroll            |       |     6 |    11 |     5 |    15 |     6 ||    43
       Potion            |       |       |     1 |       |     8 |     3 ||    12
Armor: Robe              |     4 |     8 |    13 |    33 |       |       ||    58
       Troll leather arm |       |       |       |    10 |   115 |    76 ||   201
Dodge: Dodged            |    13 |    34 |    94 |   198 |   309 |   355 ||  1003
Block: Buckler           |       |       |       |       |    97 |    24 ||   121
       Kite shield       |       |       |       |       |       |   169 ||   169
       Reflection        |       |       |       |       |       |     5 ||     5

Table legend: (Time is in decaauts)
 A = Elapsed time spent in this place.
 B = Non-inter-level travel time spent in this place.
 C = Inter-level travel time spent in this place.
 D = Time resting spent in this place.
 E = Time spent auto-exploring this place.
 F = Levels seen in this place.
 G = Mean time per level.
                   A        B        C        D        E       F      G
               +--------+--------+--------+--------+--------+-----+--------+
         Total |  31614 |  30729 |    885 |  10038 |  14997 |  29 | 1090.1 |
       Dungeon |  17334 |  16932 |    402 |   5634 |   8730 |  14 | 1238.1 |
        Temple |    317 |    292 |     25 |    252 |     27 |   1 |  317.0 |
          Lair |   5310 |   5012 |    298 |    296 |   3519 |   5 | 1062.0 |
         Swamp |   3813 |   3723 |     90 |   1449 |   1407 |   4 |  953.2 |
     Snake Pit |      8 |      8 |      0 |      0 |      0 |   1 |    8.0 |
  Orcish Mines |   2365 |   2297 |     68 |    798 |    862 |   2 | 1182.5 |
       Ossuary |   1207 |   1207 |      0 |   1043 |     11 |   1 | 1207.0 |
        Bailey |   1257 |   1257 |      0 |    566 |    441 |   1 | 1257.0 |
               +--------+--------+--------+--------+--------+-----+--------+

Top non-repeatable levels by time:
     D:8: 2249 daAuts
     D:3: 1936 daAuts
     D:6: 1827 daAuts
 Swamp:3: 1771 daAuts
     D:5: 1728 daAuts
     D:7: 1679 daAuts
  Lair:4: 1463 daAuts
   Orc:2: 1323 daAuts
     D:2: 1299 daAuts
     D:4: 1298 daAuts
  Bailey: 1257 daAuts
    D:11: 1257 daAuts
 Ossuary: 1207 daAuts
  Lair:2: 1161 daAuts
  Lair:3: 1093 daAuts
